 Dungeon Crawl Stone Soup version 0.23.2-1-ga50397a (webtiles) character file.

Game seed: 16699393217358883088

2365 dvd the Zephyrmancer (level 9, -5/47 HPs)
             Began as a Tengu Air Elementalist on May 23, 2019.
             Hit by a large rock thrown by a cyclops (45 damage)
             ... on level 7 of the Dungeon.
             The game lasted 00:16:54 (7020 turns).

dvd the Zephyrmancer (Tengu Air Elementalist)       Turns: 7020, Time: 00:16:55

Health: -5/47      AC:  3    Str:  9    XL:     9   Next: 44%
Magic:  18/30      EV: 15    Int: 19    God:
Gold:   381        SH:  4    Dex: 18    Spells: 13/23 levels left

rFire    . . .     SeeInvis .   z - +4 flail (protect)
rCold    . . .     Gourm    +   v - +0 buckler
rNeg     . . .     Faith    .   a - +0 robe
rPois    .         Spirit   .   (helmet restricted)
rElec    .         Reflect  .   B - +0 cloak
rCorr    .         Harm     .   (no gloves)
MR       .....                  (boots unavailable)
Stlth    +++.......             x - amulet of the gourmand
HPRegen  0.15/turn              F - +4 ring of dexterity
MPRegen  0.22/turn              y - ring of magical power

@: flying quickly and evasively, quick
A: beak, talons 3, able to fly
a: Stop Flying


You were on level 7 of the Dungeon.
You were completely stuffed.

You visited 1 branch of the dungeon, and saw 7 of its levels.

You collected 381 gold pieces.

Inventory:

Hand Weapons
 z - a +4 flail of protection (weapon)
Armour
 a - a +0 robe (worn)
 o - a +0 ring mail
 v - a +0 buckler (worn)
 B - a +0 cloak (worn)
Jewellery
 e - an uncursed ring of ice
 h - a +3 ring of strength
 p - an uncursed ring of ice
 s - an uncursed ring of positive energy
 x - an amulet of the gourmand (around neck)
 y - a ring of magical power (right hand)
 F - a +4 ring of dexterity (left hand)
Wands
 w - a wand of paralysis (5)
Scrolls
 b - a scroll of blinking {unknown}
 d - 8 scrolls of remove curse
 f - a scroll of fear {unknown}
 g - a scroll of amnesia {unknown}
 k - 11 scrolls of identify {unknown}
 m - a scroll of enchant weapon {unknown}
 t - 4 scrolls of teleportation {unknown}
 A - a scroll of noise {unknown}
 C - a scroll of magic mapping {unknown}
Potions
 i - a potion of degeneration {unknown}
 j - 2 potions of brilliance {unknown}
 l - 4 potions of heal wounds {unknown}
 n - a potion of resistance {unknown}
 q - 3 potions of curing {unknown}
 r - a potion of flight {unknown}
 u - a potion of agility {unknown}
 E - a potion of lignification {unknown}
Comestibles
 c - 16 rations
 D - 3 chunks of flesh


   Skills:
 + Level 1.4 Fighting
 + Level 2.0 Maces & Flails
 + Level 2.7 Dodging
 + Level 3.2 Stealth
 + Level 7.6 Spellcasting
 + Level 7.1 Conjurations
 + Level 9.5 Air Magic


You had 13 spell levels left.
You knew the following spells:

 Your Spells              Type           Power        Failure   Level  Hunger
a - Shock                 Conj/Air       ####         1%          1    None
b - Airstrike             Air            #####.....   3%          4    ###....
c - Lightning Bolt        Conj/Air       #####.....   14%         5    #####..

Your spell library contained the following spells:

 Spells                   Type           Power        Failure   Level  Hunger
 Static Discharge         Conj/Air       #####...     1%          3    #......
 Swiftness                Chrm/Air       ####....     3%          2    None


Dungeon Overview and Level Annotations

Branches:
Dungeon (7/15)
 Temple: D:4-7

Altars:
Wu Jian
Xom

Annotations:
D:5 5 runed translucent doors


Innate Abilities, Weirdness & Mutations

You have a beak for a mouth.
You have claws for feet.
You can fly continuously.


Message History

The cyclops is lightly wounded.
You hear a shout!
Casting: Airstrike (safe; 3% risk of failure)
Confirm with . or Enter, or press ? or * to list all spells.
Aiming: Airstrike (safe; 3% risk of failure)
Press: ? - help, Dir - move target cursor, f/p - cyclops
Aim: a cyclops (lightly wounded)
The air twists around and strikes the cyclops!
The cyclops is moderately wounded.
The cyclops throws a large rock.
The large rock hits you!
Casting: Airstrike (safe; 3% risk of failure)
Confirm with . or Enter, or press ? or * to list all spells.
Aiming: Airstrike (safe; 3% risk of failure)
Press: ? - help, Dir - move target cursor, f/p - cyclops
Aim: a cyclops (moderately wounded)
The air twists around and strikes the cyclops!
The cyclops is heavily wounded.
The cyclops throws a large rock.
The large rock hits you!!!
Ouch! That really hurt!
You die...

..........# #.#.#
.#..###.### ##.#.#
##..##C# #####.#..#
#..#.# #....###.#
#...######.###.#.##
##..............##
##....#####.###..#
'#.....#####.# #..#
#......@..##.# #(.#
#..###.###.##.#
#..# ....
#.###.##.###..##
##.
#.##.....>.....# #
#.##..#..###.#.#
.###.#..###.#.# ..
#.#......#.#
#.##.#.###..#.#
#.##........#.#####


You could see a cyclops.

Vanquished Creatures
  A two-headed ogre (D:3)
  A hippogriff (D:7)
  A hungry ghost (D:6)
  Menkaure (D:7)
  Edmund (D:5)
  A slave (D:7)
  An ice beast (D:7)
  A sky beast (D:6)
  3 ogres
  2 bullfrogs
  A scorpion (D:6)
  A howler monkey (D:4)
  A crimson imp (D:5)
  A hound (D:3)
  2 bullfrog skeletons (D:7)
  2 orc wizards (D:7)
  A centaur skeleton (D:5)
  An iguana (D:4)
  Terence (D:2)
  6 worker ants
  A killer bee zombie (D:6)
  A hound skeleton (D:5)
  3 adders
  An adder zombie (D:6)
  2 adder skeletons
  4 worms
  2 dart slugs (D:2)
  A leopard gecko (D:2)
  6 orcs
  3 ball pythons
  2 giant cockroaches
  7 goblins
  4 hobgoblins
  5 jackals (D:7)
  4 quokkas
  A ball python skeleton (D:4)
  5 bats
  3 frilled lizards
  9 kobolds
  6 rats
100 creatures vanquished.

Notes
Turn   | Place    | Note
-------+----------+-------------------------------------------
     0 | D:1      | dvd the Tengu Air Elementalist began the quest for the Orb.
     0 | D:1      | Reached XP level 1. HP: 10/10 MP: 4/4
   337 | D:1      | Reached XP level 2. HP: 15/15 MP: 4/6
  1143 | D:2      | Noticed Terence
  1166 | D:2      | Killed Terence
  1166 | D:2      | Reached skill level 5 in Air Magic
  1166 | D:2      | Reached XP level 3. HP: 15/19 MP: 0/7
  1530 | D:2      | Reached XP level 4. HP: 24/24 MP: 6/9
  2093 | D:3      | Noticed a bullfrog
  2099 | D:3      | Killed a bullfrog
  2099 | D:3      | Gained mutation: You can fly continuously. [Tengu growth]
  2099 | D:3      | Reached XP level 5. HP: 25/28 MP: 3/10
  2238 | D:3      | Found an ornate altar of the Wu Jian Council.
  2341 | D:3      | Noticed a two-headed ogre
  2436 | D:3      | Killed a two-headed ogre
  2436 | D:3      | Reached skill level 1 in Maces & Flails
  2436 | D:3      | Reached skill level 5 in Spellcasting
  2436 | D:3      | Reached skill level 5 in Conjurations
  2436 | D:3      | Reached skill level 7 in Air Magic
  2436 | D:3      | Reached XP level 6. HP: 6/33 MP: 9/14
  2436 | D:3      | Reached XP level 7. HP: 7/37 MP: 9/15
  2690 | D:3      | Found a faded altar of an unknown god.
  2724 | D:3      | Learned a level 4 spell: Airstrike
  2730 | D:3      | Learned a level 5 spell: Lightning Bolt
  2977 | D:3      | Found a shimmering altar of Xom.
  3332 | D:4      | Reached skill level 1 in Fighting
  3332 | D:4      | Reached XP level 8. HP: 43/43 MP: 6/16
  3909 | D:5      | Entered Level 5 of the Dungeon
  3965 | D:5      | Found a runed translucent door.
  3966 | D:5      | Found a runed translucent gate.
  3966 | D:5      | Found a runed translucent gate.
  4298 | D:5      | Found a runed translucent door.
  4395 | D:5      | Found a runed translucent gate.
  4402 | D:5      | Found the +9 staff of Olgreb {rPois}
  4478 | D:5      | Noticed Edmund
  5241 | D:5      | Killed Edmund
  5241 | D:5      | Reached skill level 8 in Air Magic
  5896 | D:6      | Reached XP level 9. HP: 47/47 MP: 15/20
  6085 | D:7      | Reached skill level 9 in Air Magic
  6085 | D:7      | Noticed a two-headed ogre
  6597 | D:7      | Noticed Menkaure
  6599 | D:7      | Killed Menkaure
  7017 | D:7      | Noticed a cyclops
  7020 | D:7      | Hit by a large rock thrown by a cyclops

Skill      XL: |  1  2  3  4  5  6  7  8  9 |
---------------+----------------------------+-----
Conjurations   | 2 3 5 6 7 |  7.1
Air Magic      | 5 7 8 9 |  9.5
Spellcasting   | 3 5 7 |  7.6
Maces & Flails | 1 2 |  2.0
Fighting       | 1 |  1.4
Stealth        | 3 |  3.2
Dodging        | |  2.7

Action                   |  1- 3 |  4- 6 |  7- 9 || total
-------------------------+-------+-------+-------++-------
Melee: Unarmed           |     3 |       |       ||     3
       Peck              |     2 |       |     2 ||     4
       Flail             |     7 |       |    15 ||    22
 Cast: Shock             |    61 |    51 |   111 ||   223
       Airstrike         |       |       |    43 ||    43
       Lightning Bolt    |       |       |     1 ||     1
 Abil: Fly               |       |     1 |       ||     1
  Use: Scroll            |       |       |     1 ||     1
  Eat: Chunk             |     3 |     2 |    29 ||    34
Armor: Robe              |     4 |       |     8 ||    12
Dodge: Dodged            |    17 |     9 |    17 ||    43
Block: Buckler           |       |       |     5 ||     5
